 Dungeon Sprint DCSS version 0.29-a0-451-gfbfa42419e (webtiles) character file.

Game seed: 4848436596519492176

2039 Pelinal the Grappler (level 9, -5/153 HPs)
             Began as a Troll Berserker on May 20, 2022.
             Was an Elder of Trog.
             Slain by a demonic crawler (7 damage)
             ... in the Dungeon (Sprint I: "Red Sonja").
             The game lasted 00:02:05 (323 turns).

Pelinal the Grappler (Troll Berserker)               Turns: 323, Time: 00:02:05

Health: -5/153     AC:  4    Str: 27    XL:     9   Next: 4%
Magic:  8/8        EV: 14    Int:  3    God:    Trog [****..]
Gold:   405        SH:  0    Dex: 13    Spells: 8/8 levels left

rFire   . . .      SeeInvis .     - Unarmed
rCold   . . .      Faith    .   (no shield)
rNeg    . . .      Spirit   .   a - +0 animal skin
rPois   .          Reflect  .   (helmet restricted)
rElec   .          Harm     .   (no cloak)
rCorr   .          Rampage  .   (gloves unavailable)
Will    .....      NoTele   +   (boots unavailable)
Stlth   ..........              (no amulet)
HPRegen 1.15/turn               (no ring)
MPRegen 0.11/turn               (no ring)

@: berserking, very quick
A: large, unfitting armour, claws 3, regeneration 1, shaggy fur 1, tough skin 1
a: Renounce Religion, Berserk, Trog's Hand, Brothers in Arms


You were in the Dungeon.
You worshipped Trog.
Trog was greatly pleased with you.
You visited 1 branch You collected 405 gold pieces.

Inventory:

Armour
 a - a +0 animal skin (worn)
Wands
 h - a wand of iceblast (6)
Scrolls
 g - a scroll of blinking
Potions
 b - a potion of curing
 c - a potion of heal wounds
 d - a potion of haste
 e - 2 potions of magic
 f - a potion of berserk rage


   Skills:
 + Level 10.4 Fighting
 + Level 10.3 Dodging
 + Level 12.2 Unarmed Combat


You had 8 spell levels left.
You didn't know any spells.
Your spell library was empty.

Dungeon Overview and Level Annotations

Branches:
Dungeon (1/1)

Altars:
Cheibriados
Dithmenos
Elyvilon
Fedhas
Gozag
Hepliaklqana
Kikubaaqudgha
Makhleb
Nemelex Xobeh
Okawaru
Qazlal
Ru
Sif Muna
Trog
Uskayaw
Vehumet
Wu Jian
Xom
Yredelemnul
Zin
The Shining One
Jiyva
Lugonu

Shops:
D =


Innate Abilities, Weirdness & Mutations

You are too large for most types of armour.
You have claws for hands.
Your natural rate of healing is unusually fast.
You are covered in fur. (AC +1)
You have tough skin. (AC +1)


Message History

The demonic crawler hits you.
The demonic crawler hits you but does no damage.
The demonic crawler hits you.
* * * LOW HITPOINT WARNING * * *
The demonic crawler hits you but does no damage.
You claw the demonic crawler! x2
The demonic crawler is moderately wounded.
The demonic crawler hits you!
* * * LOW HITPOINT WARNING * * *
The demonic crawler hits you.
* * * LOW HITPOINT WARNING * * *
The demonic crawler hits you but does no damage.
The demonic crawler closely misses you. The demonic crawler hits you!
* * * LOW HITPOINT WARNING * * *
The demonic crawler completely misses you.
You mangle the demonic crawler!!
The demonic crawler is severely wounded.
You mangle the demonic crawler!!
You kill the demonic crawler!
Trog accepts your kill. The demonic crawler closely misses you.
The demonic crawler misses you.
The demonic crawler hits you but does no damage.
Your Unarmed Combat skill increases to level 12!
You have reached level 9!
Your experience leads to an increase in your attributes!
Increase (S)trength, (I)ntelligence, or (D)exterity?
You feel agile. x2; You feel stronger.
Unknown command.
You barely miss the demonic crawler.
A gargoyle comes into view. It is wielding a +0 mace.
The demonic crawler hits you.
* * * LOW HITPOINT WARNING * * *
The demonic crawler closely misses you. The demonic crawler hits you!
* * * LOW HITPOINT WARNING * * *
You mangle the demonic crawler!!
The demonic crawler is moderately wounded.
You mangle the demonic crawler!! Your claw misses the demonic crawler.
The demonic crawler is almost dead.
The demonic crawler hits you!
You die...

##################
.#..'..#__#..')..#
.').#..'..'..#)..##+#
'#####'#__####..@s..#
.#...#(#### #####9.+
##..##[# ## _##'#_.+
..†..._# _##_.#'#
_###+#(# ## ###


You could see a demonic crawler and a gargoyle.

Vanquished Creatures
  3 demonic crawlers (D)
  2 kobold demonologists (D)
  A slime creature (D)
  Sigmund (D)
  A yak (D)
  A floating eye (D)
  An ogre (D)
  A jelly (D)
  Ijyb (D)
12 creatures vanquished.

Notes
Turn   | Place    | Note
-------+----------+-------------------------------------------
     0 | D        | Pelinal the Troll Berserker began the quest for the Orb.
     0 | D        | Reached XP level 1. HP: 22/22 MP: 0/0
     2 | D        | Noticed Ijyb
    14 | D        | Killed Ijyb
    15 | D        | Reached skill level 4 in Unarmed Combat
    15 | D        | Reached XP level 2. HP: 29/32 MP: 1/1
    57 | D        | Noticed an ogre
    60 | D        | Killed an ogre
    61 | D        | Reached skill level 5 in Fighting
    61 | D        | Reached skill level 5 in Dodging
    61 | D        | Reached skill level 6 in Unarmed Combat
    61 | D        | Reached XP level 3. HP: 42/42 MP: 2/2
    61 | D        | Reached XP level 4. HP: 50/50 MP: 3/3
   106 | D        | Noticed Sigmund
   112 | D        | Killed Sigmund
   112 | D        | Reached ** piety under Trog
   113 | D        | Reached skill level 7 in Unarmed Combat
   113 | D        | Reached XP level 5. HP: 61/61 MP: 4/4
   113 | D        | Reached XP level 6. HP: 68/68 MP: 5/5
   138 | D        | Found a burning altar of Makhleb.
   138 | D        | Found a viscous altar of Jiyva.
   138 | D        | Found a shimmering altar of Xom.
   138 | D        | Found a corrupted altar of Lugonu.
   138 | D        | Noticed a slime creature
   151 | D        | Killed a slime creature
   152 | D        | Reached skill level 9 in Unarmed Combat
   163 | D        | Found an ornate altar of the Wu Jian Council.
   163 | D        | Found a shimmering blue altar of Sif Muna.
   182 | D        | Found a radiant altar of Vehumet.
   205 | D        | Found Bizat's Jewellery Emporium.
   205 | D        | Found an ancient bone altar of Kikubaaqudgha.
   205 | D        | Found a hazy altar of Hepliaklqana.
   205 | D        | Found a stormy altar of Qazlal.
   205 | D        | Found a hide-covered altar of Uskayaw.
   205 | D        | Found a blossoming altar of Fedhas.
   205 | D        | Found a bloodstained altar of Trog.
   205 | D        | Found an iron altar of Okawaru.
   205 | D        | Found a basalt altar of Yredelemnul.
   205 | D        | Found a glowing golden altar of the Shining One.
   205 | D        | Found a snail-covered altar of Cheibriados.
   205 | D        | Found a sacrificial altar of Ru.
   205 | D        | Found a glowing silver altar of Zin.
   205 | D        | Found a shadowy altar of Dithmenos.
   205 | D        | Found a white marble altar of Elyvilon.
   205 | D        | Noticed a yak
   210 | D        | Killed a yak
   211 | D        | Reached XP level 7. HP: 80/80 MP: 6/6
   211 | D        | Found an opulent altar of Gozag.
   212 | D        | Found a sparkling altar of Nemelex Xobeh.
   247 | D        | Noticed a kobold demonologist
   247 | D        | Noticed a kobold demonologist
   250 | D        | Paralysed by a floating eye for 3 turns
   256 | D        | Reached skill level 10 in Unarmed Combat
   258 | D        | Noticed an ice devil
   260 | D        | Killed a kobold demonologist
   260 | D        | Reached *** piety under Trog
   263 | D        | Killed a kobold demonologist
   264 | D        | Reached skill level 11 in Unarmed Combat
   264 | D        | Reached XP level 8. HP: 92/92 MP: 7/7
   308 | D        | Noticed a demonic crawler
   308 | D        | Noticed a demonic crawler
   308 | D        | Noticed a demonic crawler
   308 | D        | Noticed a demonic crawler
   312 | D        | Killed a demonic crawler
   312 | D        | Reached **** piety under Trog
   315 | D        | Killed a demonic crawler
   316 | D        | Reached skill level 10 in Fighting
   316 | D        | Reached skill level 10 in Dodging
   320 | D        | Killed a demonic crawler
   321 | D        | Reached skill level 12 in Unarmed Combat
   321 | D        | Reached XP level 9. HP: 18/102 MP: 8/8
   321 | D        | Noticed a gargoyle
   321 | D        | HP: 1/153 [demonic crawler (14)]
   323 | D        | Slain by a demonic crawler

Illustrated notes

Levels and vault maps discovered:
D:        dungeon_sprint_1 [red_sonja_temple_1, red_sonja_temple_small_1]

Skill      XL: |  1  2  3  4  5  6  7  8 |
---------------+-------------------------+-----
Fighting       | 3 5 6 8 9 10 | 10.4
Dodging        | 3 5 6 8 9 10 | 10.3
Unarmed Combat | 4 6 7 9 11 12 | 12.2

Action                   |  1- 3 |  4- 6 |  7- 9 || total
-------------------------+-------+-------+-------++-------
Melee: Unarmed           |    13 |    14 |    23 ||    50
       Punch             |       |       |     1 ||     1
Invok: Berserk           |     2 |     3 |     2 ||     7
       Trog's Hand       |       |       |     1 ||     1
Armor: Animal skin       |       |     2 |     8 ||    10
Dodge: Dodged            |     3 |     3 |    17 ||    23

Table legend: (Time is in decaauts)
 A = Elapsed time spent in this place.
 B = Non-inter-level travel time spent in this place.
 C = Inter-level travel time spent in this place.
 D = Time resting spent in this place.
 E = Time spent auto-exploring this place.
 F = Levels seen in this place.
 G = Mean time per level.
                   A        B        C        D        E       F      G
               +--------+--------+--------+--------+--------+-----+--------+
         Total |    366 |    366 |      0 |    182 |      0 |   1 |  366.0 |
       Dungeon |    366 |    366 |      0 |    182 |      0 |   1 |  366.0 |
               +--------+--------+--------+--------+--------+-----+--------+

Top non-repeatable levels by time:
       D: 366 daAuts
